 Dungeon Crawl Stone Soup version 0.32-a0-35-gd9ff480968 (webtiles) character file.

Game seed: 12698573861040403628

151 IdlyInterested the Trooper (level 5, 0/43 HPs)
             Began as a Demonspawn Gladiator on Jan 22, 2024.
             Succumbed to an orc wizard's poison
             ... on level 2 of the Dungeon.
             The game lasted 00:04:02 (1104 turns).

IdlyInterested the Trooper (Demonspawn Gladiator)   Turns: 1104, Time: 00:04:03

Health: 0/43       AC: 12    Str: 16    XL:     5   Next: 10%
Magic:  5/5        EV:  8    Int:  9    God:
Gold:   44         SH:  0    Dex: 14    Spells: 4/4 levels left

rFire   . .          .
                       - Unarmed
rCold   . . .        (no shield)
rNeg    . . .        g - +0 chain mail
rPois   .            n - +0 helmet
rElec   .            (no cloak)
rCorr   .            (no gloves)
SInv    .            (no boots)
Will    .....        (no amulet) Stlth
                     (no ring)
HPRegen 0.27/turn    (no ring)
MPRegen 0.09/turn

%: no passive effects
@: lethally poisoned (0 -> -18)
A: thin metallic scales 2, foul stench 1, powered by pain 1
a: no special abilities


You were on level 2 of the Dungeon.
You visited 1 branch of the dungeon, and saw 2 of its levels.

You collected 44 gold pieces.

Inventory:

Hand Weapons
 e - a +0 dagger
 h - a +0 falchion
 k - a +0 flail
Missiles
 a - 35 stones (quivered)
 c - 2 throwing nets
Armour
 g - a +0 chain mail (worn)
 n - a +0 helmet (worn)
Talismans
 f - a maw talisman
Scrolls
 j - a scroll of fear {unknown}
 m - 2 scrolls of identify {unknown}
Potions
 b - 2 potions of brilliance
 o - a potion of mutation {unknown}


   Skills:
 * Level 4.8 Fighting
 - Level 2.0 Throwing
 - Level 1.0 Armour
 - Level 3.0 Dodging
 + Level 0.0 Stealth
 - Level 2.6 Unarmed Combat


You had 4 spell levels left.
You didn't know any spells.
Your spell library contained the following spells:

 Spells                   Type           Power      Damage    Failure   Level
 Sting                    Conj/Alch      0%         1d3       99%         1
 Mercury Vapours          Alch/Air       0%         N/A       100%        2
 Olgreb's Toxic Radiance  Alch           0%         N/A       100%        4


Dungeon Overview and Level Annotations

Branches:
Dungeon (2/15)

Altars:


Innate Abilities, Weirdness & Mutations

You are mostly covered in thin metallic scales. (AC +3)
You may rarely emit foul miasma when damaged in melee.
You sometimes gain a little power by taking damage.


Message History

The kobold is caught in the net!
You feel sick. Something hits you.
* * * LOW HITPOINT WARNING * * *
You are lethally poisoned!
You feel much better.
You feel very sick.
The kobold struggles against the net.
Something hits you but does no damage.
You are more poisoned.
You hit something.
You feel very sick.
The kobold struggles against the net.
Something hits you but does no damage.
You are lethally poisoned!
You hit something but do no damage.
You feel very sick.
An orc wizard appears from thin air!
Reactivating autopickup.
The kobold struggles against the net.
The orc wizard barely misses you.
You hit the orc wizard but do no damage.
The orc wizard is heavily wounded.
* * * LOW HITPOINT WARNING * * *
You feel very sick.
The kobold struggles against the net.
The orc wizard hits you but does no damage.
You are more poisoned.
Throw: 2 javelins
Press: ? - help, Shift-Dir - straight line, f - orc wizard
Aim: an orc wizard, wielding a +1 dagger of venom and wearing a +0 robe (heavily wounded, 51% to hit)
You throw a javelin. The javelin misses the orc wizard.
The javelin pierces through the kobold.
You kill the kobold!
* * * LOW HITPOINT WARNING * * *
You feel extremely sick. The orc wizard misses you.
Throw: javelin
Press: ? - help, Shift-Dir - straight line, f/p - orc wizard
Aim: an orc wizard, wielding a +1 dagger of venom and wearing a +0 robe (heavily wounded, 51% to hit)
You throw a javelin.
The javelin pierces through the orc wizard!
You kill the orc wizard!
You die...

#.###### #......# #.#
#.# #@# ##########
...#####)###.##.....#
.>......)....##.....##
....####.#...........#
....####.............#
.##..................#
........(............#
........(............#
.....#...............#


There were no monsters in sight!

Vanquished Creatures
  A phantom (D:2)
  An orc wizard (D:2)
  3 adders (D:2)
  A dart slug (D:2)
  2 orcs (D:2)
  2 bats (D:2)
  An endoplasm (D:2)
  4 goblins
  4 hobgoblins
  A jackal (D:2)
  3 kobolds (D:2)
  A ball python (D:2)
  2 rats
26 creatures vanquished.

Vanquished Creatures (others)
  An orc wizard (D:2)
1 creature vanquished.

Grand Total: 27 creatures vanquished

Notes
Turn   | Place    | Note
-------+----------+-------------------------------------------
     0 | D:1      | IdlyInterested the Demonspawn Gladiator began the quest for
                  | the Orb.
     0 | D:1      | Reached XP level 1. HP: 16/16 MP: 1/1
   371 | D:1      | Found a faded altar of an unknown god.
   605 | D:2      | Gained mutation: You sometimes gain a little power by
                  | taking damage. [demonic ancestry]
   605 | D:2      | Reached XP level 2. HP: 22/23 MP: 2/2
   678 | D:2      | Noticed a phantom
   718 | D:2      | Killed a phantom
   719 | D:2      | Reached skill level 4 in Fighting
   719 | D:2      | Reached skill level 1 in Armour
   719 | D:2      | Gained mutation: You are partially covered in thin metallic
                  | scales. (AC +2) [demonic ancestry]
   719 | D:2      | Reached XP level 3. HP: 20/30 MP: 3/3
   719 | D:2      | Gained mutation: You are mostly covered in thin metallic
                  | scales. (AC +3) [demonic ancestry]
   719 | D:2      | Reached XP level 4. HP: 25/37 MP: 4/4
  1085 | D:2      | Gained mutation: You may rarely emit foul miasma when
                  | damaged in melee. [demonic ancestry]
  1085 | D:2      | Reached XP level 5. HP: 26/43 MP: 5/5
  1104 | D:2      | Succumbed to an orc wizard's poison

Illustrated notes

Levels and vault maps discovered:
D:1:      dreamdust_arrival_sigmund_warning, layout_loops_ring,
          dreamdust_ecumenical_altar_angels_and_demons
D:2:      minmay_spotlight, layout_basic

Skill      XL: |  1  2  3  4 |
---------------+-------------+-----
Throwing       | 2 |  2.0
Fighting       | 4 |  4.8
Armour         | 1 |  1.0
Dodging        | 3 |  3.0
Unarmed Combat | |  2.6

Action                     |  1- 3 |  4- 6 || total
---------------------------+-------+-------++-------
  Melee: Unarmed           |    44 |   108 ||   152
         Punch             |       |     3 ||     3
  Throw: Javelin           |       |     3 ||     3
         Stone             |       |     1 ||     1
         Throwing net      |       |     1 ||     1
    Use: Potion            |     2 |     3 ||     5
 Armour: Chain mail        |    35 |    73 ||   108
  Dodge: Dodged            |    10 |    41 ||    51

Table legend: (Time is in decaauts)
 A = Elapsed time spent in this place.
 B = Non-inter-level travel time spent in this place.
 C = Inter-level travel time spent in this place.
 D = Time resting spent in this place.
 E = Time spent auto-exploring this place.
 F = Levels seen in this place.
 G = Mean time per level.
                   A        B        C        D        E       F      G
               +--------+--------+--------+--------+--------+-----+--------+
         Total |   1097 |   1052 |     45 |     49 |    633 |   2 |  548.5 |
       Dungeon |   1097 |   1052 |     45 |     49 |    633 |   2 |  548.5 |
               +--------+--------+--------+--------+--------+-----+--------+

Top non-repeatable levels by time:
     D:1: 561 daAuts
     D:2: 536 daAuts
